Map: Oxide LE

Players

Asuna - Winner!

  • Race: Protoss Protoss

Vindicta

  • Race: Terran Terran

Event: DreamHack SC2 Masters 2021 Winter

VOD

Have the link to the VOD?

Description

Time

  • Played on: Oct. 5, 2021, 4:39 p.m.
  • Length: 6:15

All games in this series

Show
View Real Time Build Order
Export as new Build Order

Asuna Protoss - Winner!

Build Orders: 1 Gate Expand, Zealot Archon, Dark Templar Rush 

Get SALT Encoding   

  12  0:00  Probe  
  13  0:12  Probe  
  14  0:17  Pylon  
  14  0:25  Probe (Chrono Boost)  
  15  0:38  Gateway, Probe (Chrono Boost)  
  16  0:44  Assimilator  
  16  0:46  Probe (Chrono Boost)  
  17  0:52  Probe  
  19  1:04  Probe  
  19  1:16  Probe  
  20  1:21  Nexus  
  20  1:35  Cybernetics Core  
  20  1:37  Probe  
  21  1:40  Assimilator  
  21  1:45  Zealot (Chrono Boost)  
  23  1:54  Pylon  
  23  2:12  Probe  
  23  2:13  Stalker (Chrono Boost)  
  26  2:17  Twilight Council  
  26  2:24  Probe  
  27  2:33  Warp Gate  
  27  2:36  Probe (Chrono Boost)  
  28  2:41  Probe (Chrono Boost)  
  29  2:48  Probe (Chrono Boost)  
  31  2:52  Robotics Facility  
  31  2:55  Probe x2 (Chrono Boost)  
  31  2:58  Stalker  
  34  3:03  Probe  
  35  3:06  Probe  
  36  3:12  Gateway  
  36  3:15  Probe (Chrono Boost)  
  38  3:24  Dark Shrine  
  38  3:25  Probe (Chrono Boost)  
  39  3:27  Probe (Chrono Boost)  
  39  3:31  Probe (Chrono Boost)  
  39  3:32  Probe (Chrono Boost)  
  41  3:37  Gateway  
  41  3:42  Probe  
  41  3:45  Warp Prism (Chrono Boost)  
  42  3:55  Pylon  
  45  3:58  Charge  
  44  4:05  Probe  
  44  4:07  Pylon  
  45  4:10  Shield Battery  
  45  4:22  Warp Prism (Chrono Boost)  
  45  4:26  Pylon  
  47  4:31  Gateway  
  47  4:32  Gateway  
  47  4:39  Adept  
  47  4:41  Dark Templar  
  47  4:42  Dark Templar  
  53  4:49  Probe x2  
  54  4:53  Gateway  
  54  4:56  Gateway  
  52  5:15  Pylon  
  52  5:17  Zealot x2, Dark Templar, Pylon  
  52  5:20  Pylon  
  58  5:23  Gateway  
  58  5:25  Archon  
  58  5:29  Zealot x2  
  62  5:38  Zealot x2  
  66  6:01  Zealot x7  
Show
View Real Time Build Order
Export as new Build Order

Vindicta Terran 

Build Orders:  

Get SALT Encoding   

  12  0:00  SCV  
  13  0:12  SCV  
  14  0:17  Supply Depot  
  14  0:24  SCV  
  15  0:38  SCV  
  15  0:40  Barracks  
  16  0:49  Barracks  
  16  0:56  Refinery  
  16  0:58  SCV  
  17  1:11  SCV  
  18  1:23  SCV  
  19  1:39  Reaper  
  20  1:40  Orbital Command  
  20  1:43  Bunker  
  20  1:47  Supply Depot  
  20  1:57  Reaper  
  21  2:06  SCV  
  22  2:18  Command Center  
  22  2:22  Reaper  
  23  2:27  SCV  
  23  2:39  SCV  
  24  2:47  Barracks  
  25  2:51  SCV, Bunker  
  25  2:52  Barracks Reactor  
  25  3:01  Barracks Tech Lab  
  25  3:03  SCV  
  26  3:06  Refinery  
  26  3:15  SCV  
  27  3:20  Stimpack, Marine  
  28  3:27  SCV  
  28  3:29  Marine x2  
  28  3:32  Orbital Command  
  31  3:34  Barracks Tech Lab  
  31  3:39  SCV  
  31  3:41  Marine  
  33  3:47  Marine  
  33  3:48  Marine  
  35  3:55  Combat Shield  
  35  3:56  Marauder  
  35  3:57  SCV  
  35  3:58  SCV  
  35  3:59  Marine  
  40  4:06  Marine  
  40  4:08  Supply Depot  
  40  4:09  SCV  
  42  4:10  SCV  
  43  4:17  Engineering Bay  
  43  4:21  SCV, Marine  
  43  4:22  Marine  
  46  4:29  Marine  
  46  4:30  Marine  
  48  4:31  Supply Depot  
  48  4:33  SCV  
  49  4:44  SCV, Marine  
  49  4:45  Missile Turret  
  50  4:50  Marine  
  50  4:51  Marauder  
  50  4:52  SCV  
  50  5:01  SCV  
  50  5:04  Missile Turret  
  50  5:05  Marine  
  50  5:10  SCV  
  50  5:14  Factory  
  50  5:15  Concussive Shells  
  50  5:18  SCV  
  51  5:22  Marauder  
  51  5:23  SCV  
  56  5:30  SCV  
  56  5:32  Marine  
  58  5:36  Supply Depot  
  58  5:39  Marine  
  58  5:40  Refinery  
  58  5:42  SCV x2  
  59  5:45  Marine  
  59  5:49  Marauder  
  62  5:52  Marine  
  62  5:54  SCV  
  64  5:57  Marine  

Tags
 
Add a new tag
Caveats
  • Supply blocks, unpowered buildings, or Contaminate may cause inaccurate times.
  • Supply counts are checked every 10 seconds.